 Dungeon Crawl Stone Soup version 0.30.1-11-g7821555f0a (webtiles) character file.

Game seed: 12731131535080916875

35 Okkudo the Chopper (level 3, 0/33 HPs)
             Began as a Hill Orc Monk on Dec 6, 2023.
             Slain by a scorpion (4 damage)
             ... on level 2 of the Dungeon.
             The game lasted 00:02:21 (805 turns).

Okkudo the Chopper (Hill Orc Monk)                   Turns: 805, Time: 00:02:22

Health: 0/33       AC:  3    Str: 15    XL:     3   Next: 35%
Magic:  3/3        EV: 12    Int: 10    God:
Gold:   82         SH:  0    Dex: 13    Spells: 2/2 levels left

rFire   . . .        a - +0 hand axe
rCold   . . .        d - orb {light}
rNeg    . . .        b - +0 robe
rPois   .            h - +0 helmet
rElec   .            (no cloak)
rCorr   .            (no gloves)
SInv    .            (no boots)
Will    .....        (no amulet)
Stlth   +            (no ring)
HPRegen 0.25/turn    (no ring)
MPRegen 0.08/turn

%: no passive effects
@: confused, lethally poisoned (0 -> -13), ambrosia-drunk, glowing
A: no striking features
a: no special abilities


You were on level 2 of the Dungeon.
You visited 1 branch of the dungeon, and saw 2 of its levels.

You collected 82 gold pieces.

Inventory:

Hand Weapons
 a - a +0 hand axe (weapon)
Armour
 b - a +0 robe (worn)
 d - an orb of light (worn)
 h - a +0 helmet (worn)
Scrolls
 f - 2 scrolls of identify {unknown}
 j - 3 scrolls of magic mapping {unknown}
 k - a scroll of teleportation {unknown}
 l - a scroll of fear {unknown}
 m - a scroll of noise {unknown}
Potions
 c - a potion of ambrosia
 e - a potion of resistance {unknown}
 g - a potion of cancellation {unknown}
 i - 2 potions of curing {unknown}


   Skills:
 + Level 4.2 Fighting
 + Level 4.7 Axes
 + Level 2.8 Dodging


You had 2 spell levels left.
You didn't know any spells.
Your spell library contained the following spells:

 Spells                   Type           Power      Damage    Failure   Level
 Beastly Appendage        Tmut           0%         N/A       36%         1
 Wereblood                Tmut           0%         N/A       50%         2
 Spider Form              Tmut/Pois      0%         N/A       75%         3


Dungeon Overview and Level Annotations

Branches:
Dungeon (2/15)

Altars:

Shops:
D:1 =


Message History

The kobold hits you with a +0 short sword.
You hit the kobold.
You kill the kobold!
The scorpion attacks as you move away! The scorpion closely misses you.
The scorpion attacks as you move away! The scorpion closely misses you. x2
The scorpion attacks as you move away! The scorpion stings you.
You are poisoned.
The scorpion poisons you!
You feel very sick. The scorpion attacks as you move away!
The scorpion stings you but does no damage.
You feel sick.
Sorry, you're not good enough to have a special ability.
Okay, then.
You hit the scorpion.
The scorpion is lightly wounded.
You feel sick. The scorpion misses you.
You barely miss the scorpion.
The scorpion is lightly wounded.
You feel sick. The scorpion barely misses you. x2
You hit the scorpion but do no damage.
The scorpion is lightly wounded.
You feel sick. The scorpion stings you.
You are lethally poisoned!
The scorpion poisons you!
You barely miss the scorpion.
The scorpion is lightly wounded.
* * * LOW HITPOINT WARNING * * *
You feel very sick. The scorpion closely misses you.
You are confused.
You feel invigorated.
You feel sick. The scorpion stings you!
* * * LOW HITPOINT WARNING * * *
You are more poisoned.
The scorpion poisons you!
* * * LOW HITPOINT WARNING * * *
You feel very sick.
The scorpion stings you but does no damage.
The scorpion stings you.
You die...

........## #........#
#........##
###..........#
..........##..#######
###.......# #.......#
..........# #......#
#.....<..#####@....#
#.............s....#
########..####.....#
##).# #.....#
#....####### #.[..#
#....# ######


You could see a scorpion.

Vanquished Creatures
  2 dart slugs (D:1)
  5 ball pythons (D:1)
  5 endoplasms (D:1)
  3 giant cockroaches
  3 goblins (D:1)
  A hobgoblin (D:1)
  2 jackals (D:1)
  2 kobolds
  A bat (D:1)
  2 frilled lizards (D:1)
  A rat (D:1)
27 creatures vanquished.

Notes
Turn   | Place    | Note
-------+----------+-------------------------------------------
     0 | D:1      | Okkudo the Hill Orc Monk began the quest for the Orb.
     0 | D:1      | Reached XP level 1. HP: 19/19 MP: 1/1
    17 | D:1      | Found Latul's Jewellery Boutique.
    93 | D:1      | Reached XP level 2. HP: 27/27 MP: 2/2
   475 | D:1      | Reached XP level 3. HP: 33/33 MP: 3/3
   787 | D:2      | Noticed a scorpion
   805 | D:2      | Slain by a scorpion

Illustrated notes

Levels and vault maps discovered:
D:1:      wander_arrival_desolate, layout_basic, serial_shops, shop,
          minmay_pentomino_s4
D:2:      layout_rooms, uniq_sigmund

Skill      XL: |  1  2 |
---------------+-------+-----
Fighting       | 4 |  4.2
Axes           | |  4.7
Dodging        | |  2.8

Action                     || total
---------------------------++-------
  Melee: Hand axe          ||    65
    Use: Potion            ||     1
 Armour: Robe              ||    12
  Dodge: Dodged            ||    41
